 Dungeon Crawl Stone Soup version 0.23-a0-169-gb21e695 (webtiles) character file.

32 Arum the Skirmisher (level 3, -4/40 HPs)
             Began as an Ogre Chaos Knight on Sept 11, 2018.
             Killed by divine providence
             ... invoked by an orc priest
              (9 damage)
             ... on level 2 of the Dungeon.
             The game lasted 00:01:37 (562 turns).

Arum the Skirmisher (Ogre Chaos Knight)              Turns: 562, Time: 00:01:38

Health: -4/40      AC:  5    Str: 16    XL:     3   Next: 27%
Magic:  3/3        EV: 10    Int: 13    God:    Xom [..*...]
Gold:   23         SH:  0    Dex:  9    Spells: 2/2 levels left

rFire    . . .     SeeInvis .   a - +0 mace (chaos)
rCold    . . .     Gourm    .   (no shield)
rNeg     . . .     Faith    .   b - +2 robe
rPois    .         Spirit   .   (helmet restricted)
rElec    .         Reflect  .   (no cloak)
rCorr    .         Harm     .   (gloves unavailable)
MR       .....                  (boots unavailable)
Stlth    +.........             (no amulet)
HPRegen  0.13/turn              (no ring)
MPRegen  0.08/turn              (no ring)

@: no status effects
A: large, unfitting armour, tough skin 1
a: Renounce Religion


You were on level 2 of the Dungeon.
You worshipped Xom.
You were a toy of Xom.
You were not hungry.

You visited 1 branch of the dungeon, and saw 2 of its levels.

You collected 23 gold pieces.

Inventory:

Hand Weapons
 a - a +0 mace of chaos (weapon)
Missiles
 e - 6 javelins (quivered)
Armour
 b - a +2 robe (worn)
 g - a +2 pair of gloves
Scrolls
 d - 2 scrolls of identify {unknown}
Comestibles
 c - 3 rations
 f - 3 chunks of flesh


   Skills:
 + Level 4.6 Fighting
 + Level 3.1 Maces & Flails
 + Level 2.6 Dodging


You had 2 spell levels left.
You didn't know any spells.
Your spell library was empty.

Dungeon Overview and Level Annotations

Branches:
Dungeon (2/15)

Altars:
Ashenzari


Innate Abilities, Weirdness & Mutations

You are too large for most types of armour.
You have tough skin. (AC +1)


Message History

The orc completely misses your butterfly.
Something closely misses your butterfly.
You swap places.
The bat closely misses your butterfly. The goblin misses your butterfly.
The hobgoblin completely misses your butterfly.
Something completely misses your butterfly.
The bat barely misses your butterfly. The orc closely misses your butterfly.
The bat misses something.
The ball python misses you.
You closely miss the ball python. The ball python barely misses you.
You hit the ball python.
The ball python seems to slow down.
You freeze the ball python.
The ball python is severely wounded.
The ball python barely misses you.
You closely miss the ball python.
The ball python is severely wounded.
The orc priest mumbles some strange prayers to Beogh against you.
Beogh smites you!
You die...
Xom bursts into laughter!

l.oo..... ..#......
##o..#.#...
...#.#.#.#.#.
####...#. ..# #
#......#.##.## .#
#......#.....# #.#
#......#<.bb.####..#
....$..#.....#gS@.#
..o....##..oo.o####
.......##o..$..#
.<........b#.#.#
?.....oo#..._..#
.......##..#.###
.......##)....#
........#.......
...####.#######..


You could see an orc priest, 3 orcs, a hobgoblin and a ball python.

Vanquished Creatures
  3 dart slugs (D:1)
  4 bats
  2 goblins (D:1)
  4 hobgoblins (D:1)
  2 jackals (D:2)
  4 kobolds (D:1)
  A ball python (D:1)
  2 frilled lizards (D:1)
  3 rats (D:1)
25 creatures vanquished.

Notes
Turn   | Place    | Note
-------+----------+-------------------------------------------
     0 | D:1      | Arum the Ogre Chaos Knight began the quest for the Orb.
     0 | D:1      | Reached XP level 1. HP: 24/24 MP: 1/1
    83 | D:1      | XOM: potion effect (invisibility)
    92 | D:1      | Reached XP level 2. HP: 26/32 MP: 2/2
   118 | D:1      | XOM: divination: detect creatures
   296 | D:1      | XOM: harmless Summ miscast
   341 | D:1      | Reached XP level 3. HP: 37/40 MP: 3/3
   541 | D:2      | Found a shattered altar of Ashenzari.
   551 | D:2      | XOM: butterfly on damage
   562 | D:2      | Killed from afar by an orc priest

Vault maps used:
D:1:      minmay_arrival_loop
D:2:      old_standard_altar, ashenzari_altar_1, first_ration, hex_large,
          st_stairs_4

Skill      XL: |  1  2 |
---------------+-------+-----
Maces & Flails | 3 |  3.1
Fighting       | |  4.6
Dodging        | |  2.6

Action                   || total
-------------------------++-------
Melee: Mace              ||    74
 Stab: Invisible         ||     1
Armor: Robe              ||    56
Dodge: Dodged            ||    63

Table legend:
 A = Non-vault XP
 B = Vault XP
 C = Vault XP percentage of total XP
 D = Non-vault monster count
 E = Vault monster count
 F = Vault count percentage of total count
                 A         B        C        D         E       F
            +---------+---------+-------+---------+---------+-------
      Total |      47 |       0 |   0.0 |      25 |       0 |   0.0
            +---------+---------+-------+---------+---------+-------
        D:1 |      42 |       0 |   0.0 |      22 |       0 |   0.0
        D:2 |       5 |       0 |   0.0 |       3 |       0 |   0.0
            +---------+---------+-------+---------+---------+-------
